 Dungeon Crawl Stone Soup version 0.30-a0-149-g7f746667c4 (webtiles) character file.

Game seed: 6098352171704626200

1025 hellse the Thaumaturge (level 8, -14/42 HPs)
             Began as a Deep Elf Conjurer on Sept 26, 2022.
             Killed from afar by a gargoyle (18 damage)
             ... with a stone arrow
             ... on level 5 of the Dungeon.
             The game lasted 00:09:06 (4726 turns).

hellse the Thaumaturge (Deep Elf Conjurer)          Turns: 4726, Time: 00:09:07

Health: -14/42     AC:  4    Str:  4    XL:     8   Next: 2%
Magic:  0/23       EV: 12    Int: 26    God:
Gold:   106        SH:  0    Dex: 13    Spells: 19/26 levels left

rFire   . . .      SeeInvis .    e - +6 short sword (venom)
rCold   . . .      Faith    .    f - orb {light}
rNeg    . . .      Spirit   .    o - +2 robe {Will+}
rPois   .          Reflect  .    (no helmet)
rElec   .          Harm     .    (no cloak)
rCorr   .          Rampage  .    (no gloves)
Will    +....                    (no boots)
Stlth   +.........               (no amulet)
HPRegen 0.14/turn                (no ring)
MPRegen 0.18/turn                (no ring)

@: glowing
A: no striking features
a: no special abilities


You were on level 5 of the Dungeon.
You visited 1 branch of the dungeon, and saw 5 of its levels.

You collected 106 gold pieces.

Inventory:

Hand Weapons
 e - a +6 short sword of venom (weapon)
 j - a +0 short sword of electrocution
Armour
 a - a +0 robe
 f - an orb of light (worn)
 i - a +0 leather armour of cold resistance
 o - a +2 robe of willpower (worn)
Scrolls
 g - a scroll of vulnerability
 h - a scroll of blinking
 k - 2 scrolls of identify
Potions
 b - 2 potions of magic
 c - a potion of mutation {unknown}
 d - a potion of cancellation
 m - 3 potions of might {unknown}
 n - a potion of ambrosia {unknown}


   Skills:
 + Level 0.3 Fighting
 - Level 2.4 Dodging
 - Level 2.4 Stealth
 - Level 9.9 Spellcasting
 - Level 7.2 Conjurations
 - Level 2.2 Translocations


You had 19 spell levels left.
You knew the following spells:

 Your Spells              Type           Power      Damage    Failure   Level
a - Magic Dart            Conj           100%       1d8       1%          1
b - Searing Ray           Conj           100%       2d8       1%          2
c - Iskenderun's Mystic   Conj/Tloc      37%        2d9       6%          4

Your spell library contained the following spells:

 Spells                   Type           Power      Damage    Failure   Level
 Dazzling Flash           Conj/Hex       62%        N/A       3%          3
 Necrotise                Necr           48%        1d6       4%          1
 Fulminant Prism          Conj/Hex       15%        3d11      11%         4
 Vampiric Draining        Necr           12%        2d6       14%         3
 Agony                    Necr           12%        N/A       78%         5


Dungeon Overview and Level Annotations

Branches:
Dungeon (5/15)
 Temple: D:4-7

Altars:
Elyvilon

Annotations:
D:5 1 runed translucent door, blackman's ghost, amateur DENe


Message History

The stone arrow hits you!!
Ouch! That really hurt!
Casting: Iskenderun's Mystic Blast (quite dangerous; 6% risk of failure)
Confirm with . or Enter, or press ? or * to list all spells.
The spell is quite dangerous to miscast (6% risk of failure)!
Continue anyway?
You erupt in a blast of force!
The mystic blast hits the gargoyle but does no damage.
The gargoyle completely misses you.
Unknown command.
Unknown command.
Casting: Iskenderun's Mystic Blast (quite dangerous; 6% risk of failure)
Confirm with . or Enter, or press ? or * to list all spells.
The spell is quite dangerous to miscast (6% risk of failure)!
Continue anyway?
You erupt in a blast of force!
The mystic blast hits the gargoyle but does no damage.
The gargoyle hurls a stone arrow at you.
The stone arrow hits you!
* * * LOW HITPOINT WARNING * * *
Unknown command.
Unknown command.
Press: ? - help, v - describe, . - travel, g - get item
Here: a gargoyle, wielding a +0 mace (haloed)
Items here: a +0 dagger; an orc corpse.
The floor, spattered with blood.
You aren't carrying any items that you can evoke.
Sorry, you're not good enough to have a special ability.
The gargoyle attacks as you move away! The gargoyle completely misses you.
Things that are here:
a +0 hand axe; a +0 leather armour
Casting: Iskenderun's Mystic Blast (quite dangerous; 6% risk of failure)
Confirm with . or Enter, or press ? or * to list all spells.
Aiming: Searing Ray (safe; 1% risk of failure)
Press: ? - help, Shift-Dir - straight line, f/p - gargoyle
Aim: a gargoyle, wielding a +0 mace (haloed, 94% to hit)
The searing ray hits the gargoyle.
The gargoyle is lightly damaged. (Press . to maintain the ray.)
The gargoyle hurls a stone arrow at you.
The stone arrow hits you!!
You die...

#.###≈#####≈.≈
########..##≈≈≈≈≈≈≈.≈
#.?.##.....)........#
#.~.##.##############
#.~.##)# #.~.#)†#
#.~W#)## ##+##9#
#?.)@.# #....##
##...# #####


You could see a gargoyle and blackman's ghost.

Vanquished Creatures
  Pikel (D:5)
  Duvessa (D:5)
  An ogre (D:5)
  A lemure (D:5)
  A scorpion (D:5)
  Dowan (D:5)
  A hound (D:4)
  An orc priest (D:5)
  2 iguanas
  An orc wizard (D:5)
  3 gnolls
  3 adders
  2 worms
  2 dart slugs (D:5)
  20 orcs
  4 ball pythons
  8 endoplasms
  4 giant cockroaches
  8 goblins
  7 hobgoblins
  3 jackals (D:5)
  2 quokkas
  2 bats
  A frilled lizard (D:2)
  4 kobolds
  5 rats
89 creatures vanquished.

Notes
Turn   | Place    | Note
-------+----------+-------------------------------------------
     0 | D:1      | hellse the Deep Elf Conjurer began the quest for the Orb.
     0 | D:1      | Reached XP level 1. HP: 10/10 MP: 6/6
   363 | D:1      | Found a faded altar of an unknown god.
   368 | D:1      | Reached XP level 2. HP: 15/15 MP: 2/8
   468 | D:1      | Learned a level 2 spell: Searing Ray
   503 | D:1      | Reached skill level 5 in Conjurations
  1000 | D:2      | Reached XP level 3. HP: 19/19 MP: 4/9
  1530 | D:2      | Reached skill level 4 in Spellcasting
  1746 | D:3      | Reached XP level 4. HP: 24/24 MP: 5/12
  1785 | D:3      | Learned a level 4 spell: Iskenderun's Mystic Blast
  1871 | D:3      | Found a white marble altar of Elyvilon.
  2209 | D:4      | Reached skill level 5 in Spellcasting
  2618 | D:4      | Reached XP level 5. HP: 28/28 MP: 13/15
  2620 | D:4      | Reached skill level 6 in Spellcasting
  3304 | D:5      | Entered Level 5 of the Dungeon
  3309 | D:5      | Noticed Dowan
  3312 | D:5      | Noticed Duvessa
  3381 | D:5      | Noticed a lemure
  3382 | D:5      | Noticed a lemure
  3383 | D:5      | Noticed Pikel
  3615 | D:5      | Noticed an ogre
  3623 | D:5      | Killed an ogre
  3630 | D:5      | Reached XP level 6. HP: 6/32 MP: 1/17
  3951 | D:5      | Killed Dowan
  4543 | D:5      | Found a runed translucent door.
  4543 | D:5      | Noticed blackman's ghost (amateur DENe)
  4616 | D:5      | Killed Pikel
  4617 | D:5      | Reached skill level 9 in Spellcasting
  4617 | D:5      | Reached XP level 7. HP: 36/36 MP: 9/21
  4617 | D:5      | Killed Duvessa
  4618 | D:5      | Reached XP level 8. HP: 41/41 MP: 9/23
  4717 | D:5      | Noticed a gargoyle
  4726 | D:5      | Killed from afar by a gargoyle

Illustrated notes

Levels and vault maps discovered:
D:1:      ncdulo_watergridlock, layout_loops_ring,
          nicolae_ecumenical_snake_handling
D:2:      layout_basic
D:3:      layout_loops_ring, nicolae_qazlal_scattered_showers,
          nicolae_hepliaklqana_monster_ancestors, elyvilon_altar_3, uniq_sigmund
D:4:      layout_layer_cave
D:5:      minmay_polygon_palace, layout_basic, nicolae_overflow_two_pavilions,
          ebering_ghost_reflecting_pool, uniq_pikel, uniq_duvessa

Skill      XL: |  1  2  3  4  5  6 |
---------------+-------------------+-----
Conjurations   | 5 6 7 |  7.2
Spellcasting   | 4 5 6 9 |  9.9
Translocations | 2 |  2.2
Fighting       | |  0.3
Dodging        | |  2.4
Stealth        | |  2.4

Action                   |  1- 3 |  4- 6 |  7- 9 || total
-------------------------+-------+-------+-------++-------
Melee: Short sword       |       |     1 |     2 ||     3
 Cast: Magic Dart        |    60 |    69 |    10 ||   139
       Searing Ray       |     2 |    18 |     2 ||    22
       Iskenderun's Myst |       |     1 |     3 ||     4
  Use: Scroll            |       |     9 |       ||     9
       Potion            |       |     3 |       ||     3
Armor: Robe              |       |     4 |       ||     4
       Skin              |       |     4 |       ||     4
Dodge: Dodged            |     1 |    14 |     3 ||    18

Table legend: (Time is in decaauts)
 A = Elapsed time spent in this place.
 B = Non-inter-level travel time spent in this place.
 C = Inter-level travel time spent in this place.
 D = Time resting spent in this place.
 E = Time spent auto-exploring this place.
 F = Levels seen in this place.
 G = Mean time per level.
                   A        B        C        D        E       F      G
               +--------+--------+--------+--------+--------+-----+--------+
         Total |   4727 |   4522 |    205 |   1216 |   2746 |   5 |  945.4 |
       Dungeon |   4727 |   4522 |    205 |   1216 |   2746 |   5 |  945.4 |
               +--------+--------+--------+--------+--------+-----+--------+

Top non-repeatable levels by time:
     D:4: 1726 daAuts
     D:5: 1037 daAuts
     D:2: 901 daAuts
     D:1: 839 daAuts
     D:3: 222 daAuts
